 Dungeon Crawl Stone Soup version 0.31-a0-876-gfe8ebadbca (webtiles) character file.

Game seed: 4804291104677414121

21660 Bnni the Skirmisher (level 13, -10/88 HPs)
             Began as a Formicid Hexslinger on Oct 12, 2023.
             Was an Elder of Hepliaklqana.
             Mangled by an entropy weaver (11 damage)
             ... on level 13 of the Dungeon on Oct 13, 2023.
             The game lasted 00:33:37 (12712 turns).

Bnni the Skirmisher (Formicid Hexslinger)          Turns: 12712, Time: 00:33:39

Health: -10/88     AC:  5    Str: 14    XL:     13   Next: 21%
Magic:  10/23      EV: 17    Int: 13    God:    Hepliaklqana [****..]
Gold:   1012       SH:  0    Dex: 20    Spells: 1/25 levels left

rFire   + + .        A - +0 longbow
rCold   . . .        (no shield)
rNeg    . . .        q - +1 robe {rF+}
rPois   .            (helmet unavailable)
rElec   .            z - +2 cloak
rCorr   .            (no gloves)
SInv    +            y - +2 pair of boots {Stlth+}
Will    .....        c - amulet of the acrobat
Stlth   +++          I - +5 ring of evasion
HPRegen 0.34/turn    L - ring of protection from fire
MPRegen 0.18/turn

%: acrobat
@: weak-willed, corroded, jinxed
A: reduced essence, permanent stasis, dig shafts and tunnels, antennae 3, four
strong arms
a: Dig, Shaft Self, Renounce Religion, Recall Ancestor, Ancestor Identity,
Transference, Idealise


You were on level 13 of the Dungeon.
You worshipped Hepliaklqana.
Hepliaklqana was greatly pleased with you.
You visited 1 branch of the dungeon, and saw 13 of its levels.
You also visited: Bailey.

You collected 1273 gold pieces.
You spent 261 gold pieces at shops.

Inventory:

Hand Weapons
 v - a +1 short sword of venom
 A - a +0 longbow (weapon)
Missiles
 l - 3 curare-tipped darts
 x - 22 poisoned darts
Armour
 q - a +1 robe of fire resistance (worn)
 y - a +2 pair of boots of stealth (worn)
 z - a +2 cloak (worn)
 J - a +0 kite shield
Jewellery
 c - an amulet of the acrobat (around neck)
 i - a ring of flight
 E - a ring of protection from cold
 I - a +5 ring of evasion (left hand)
 L - a ring of protection from fire (right hand)
Wands
 j - a wand of roots (17)
 n - a wand of flame (4)
 w - a wand of charming (2)
 C - a wand of mindburst (5)
Scrolls
 b - 4 scrolls of poison
 d - 3 scrolls of revelation
 f - 2 scrolls of brand weapon {unknown}
 g - 2 scrolls of enchant weapon {unknown}
 h - 3 scrolls of vulnerability
 k - 2 scrolls of immolation {unknown}
 m - 4 scrolls of fear
 p - 2 scrolls of enchant armour
 H - a scroll of fog
 K - 2 scrolls of summoning {unknown}
Potions
 a - 8 potions of curing
 e - 3 potions of lignification {unknown}
 o - 2 potions of attraction {unknown}
 r - 2 potions of resistance {unknown}
 s - 3 potions of cancellation {unknown}
 t - 2 potions of might {unknown}
 u - 2 potions of enlightenment {unknown}
 B - a potion of mutation {unknown}
 F - 4 potions of heal wounds {unknown}
 G - a potion of invisibility {unknown}


   Skills:
 + Level 7.6 Fighting
 * Level 13.4 Ranged Weapons
 - Level 1.7 Dodging
 + Level 6.9 Spellcasting
 + Level 12.0 Hexes
 * Level 3.9 Necromancy
 - Level 3.0 Translocations
 - Level 1.0 Fire Magic
 + Level 4.6 Earth Magic
 + Level 7.7 Invocations


You had one spell level left.
You knew the following spells:

 Your Spells              Type           Power      Damage    Failure   Level
a - Jinxbite              Hex            70%        N/A       1%          2
b - Inner Flame           Hex/Fire       21%        N/A       3%          3
c - Dimensional Bullseye  Hex/Tloc       12%        N/A       7%          4
d - Cause Fear            Hex            17%        N/A       1%          4
f - Dazzling Flash        Conj/Hex       40%        N/A       3%          3
h - Borgnjor's Vile Clut  Necr/Erth      7%         N/A       58%         5
o - Sigil of Binding      Hex            35%        N/A       1%          3

Your spell library contained the following spells:

 Spells                   Type           Power      Damage    Failure   Level
 Foxfire                  Conj/Fire      20%        2x1d5     13%         1
 Magic Dart               Conj           16%        1d3       16%         1
 Fulminant Prism          Conj/Hex       10%        3d8       13%         4
 Cigotuvi's Dreadful Rot  Necr/Pois/Air  14%        N/A       14%         2
 Gell's Gravitas          Tloc           12%        N/A       14%         3
 Teleport Other           Tloc           12%        N/A       14%         3
 Volatile Blastmotes      Fire/Tloc      18%        2d11      21%         3
 Call Imp                 Summ           8%         N/A       24%         2
 Searing Ray              Conj           8%         2d4       24%         2
 Wereblood                Tmut           4%         N/A       24%         2
 Animate Dead             Necr           14%        N/A       30%         4
 Ignite Poison            Fire/Tmut/Pois 5%         N/A       38%         3
 Mephitic Cloud           Conj/Pois/Air  4%         N/A       43%         3
 Freezing Cloud           Conj/Ice/Air   2%         6-21      99%         5
 Irradiate                Conj/Tmut      2%         3d12      99%         5
 Death Channel            Necr           7%         N/A       99%         6
 Dispersal                Tloc           6%         N/A       100%        6
 Plasma Beam              Fire/Air       2%         2x1d12    100%        6
 Starburst                Conj/Fire      2%         6d3       100%        6
 Maxwell's Capacitive Co  Air            2%         ∞         100%        8


Dungeon Overview and Level Annotations

Branches:
Dungeon (13/15)            Temple (0/1) D:4            Lair (0/5) D:10
    Orc (0/2) D:9          Vaults (0/5) D:13         Bailey (visited)

Altars:
Ashenzari
Cheibriados
Elyvilon
Fedhas
Hepliaklqana
Makhleb
Nemelex Xobeh
Trog
Wu Jian
Yredelemnul

Shops:
D:1 [   D:7 (   D:12 !

Portals:
Trove: D:11 (give horn of Geryon)


Innate Abilities, Weirdness & Mutations

Your life essence is reduced to manifest your ancestor. (-10% HP)
You cannot be hasted, slowed, berserked, paralysed or teleported.
You can dig through walls and to a lower floor.
You have a pair of large antennae on your head. (SInv)
Your four strong arms can wield two-handed weapons with a shield.


Message History

Tankster McGee is destroyed!
You shoot an arrow.
The arrow hits the entropy weaver but does no damage.
The entropy weaver is moderately wounded.
Casting: Jinxbite (safe; 1% risk of failure)
Confirm with . or Enter, or press ? or * to list all spells.
Casting: Cause Fear (mildly dangerous; 1% risk of failure)
Press: ? - help, Dir - look around, f - activate Look: an entropy weaver (moderately wounded, chance to call a sprite on attack: 28%, chance to affect: 37%)
The entropy weaver resists with some effort.
The entropy weaver barely misses you. The entropy weaver closely misses you.
The entropy weaver hits you! The entropy weaver hits you.
Casting: Cause Fear (mildly dangerous; 1% risk of failure)
Confirm with . or Enter, or press ? or * to list all spells.
Casting: Cause Fear (mildly dangerous; 1% risk of failure)
Press: ? - help, Dir - look around, f - activate The entropy weaver resists with almost no effort.
The entropy weaver misses you. x2; The entropy weaver hits you! x2
Unknown command.
Casting: Cause Fear (mildly dangerous; 1% risk of failure)
Confirm with . or Enter, or press ? or * to list all spells.
Casting: Cause Fear (mildly dangerous; 1% risk of failure)
Press: ? - help, Dir - look around, f - activate The entropy weaver resists with almost no effort.
The entropy weaver hits you! x3
* * * LOW HITPOINT WARNING * * *
The entropy weaver hits you!
* * * LOW HITPOINT WARNING * * *
Throw: 4 darts (curare)
Press: ? - help, Shift-Dir - straight line, f - entropy weaver
Aim: an entropy weaver (moderately wounded, chance to call a sprite on attack: 28%, 53% to hit)
You throw a curare-tipped dart.
The curare-tipped dart hits the entropy weaver.
The entropy weaver is poisoned.
The entropy weaver convulses.
The entropy weaver seems to slow down.
The entropy weaver is moderately wounded.
The entropy weaver hits you!
* * * LOW HITPOINT WARNING * * *
The entropy weaver hits you!
You die...

#. #.#.# #....). #..∩.
#<#.# #.#.#.. .... #.#'##
#.. ....##....# #..
..........# #..
{...!......# #(.
,#.#....# # #.# ##...B(.#
.# #.. {##.....@.###.#
#..# #.. #............#
#..#.### #####........#
#..#.... +........#
#..##### #####........#
#..# #.. ..............#
##..###'#
.#######.########........
#........'........
#...######........


You could see an entropy weaver (very poisoned, slow).

Vanquished Creatures
  An orc warlord (Bailey)
  A vault guard (D:13)
  A boulder beetle (D:12)
  A two-headed ogre (D:9)
  Pikel (D:9)
  An orc knight (Bailey)
  3 cyclopes
  The ghost of qipq the Ogre Mage, a novice OgFE of Vehumet (D:4)
  A manticore (D:11)
  Maurice (D:13)
  2 unseen horrors
  2 trolls (D:9)
  2 hornets
  2 basilisks
  A vampire (D:12)
  2 wraiths
  2 shadows
  Eustachio (D:4)
  A steam dragon (D:9)
  2 vampire mosquitoes (D:11)
  4 water moccasins
  2 acid dragons
  A swamp drake (D:9)
  14 orc warriors
  3 ice beasts
  A sky beast (D:5)
  4 ogres
  A lemure (D:9)
  2 phantoms (D:5)
  A kobold brigand (D:6)
  2 bullfrogs
  3 gnoll sergeants
  2 scorpions
  4 wights (D:9)
  2 howler monkeys (D:7)
  3 jellies
  3 hounds
  7 orc priests
  3 iguanas
  13 orc wizards
  A sleepcap (D:7)
  15 gnolls
  9 adders
  A worm (D:3)
  3 dart slugs
  46 orcs
  7 bats
  11 endoplasms
  7 giant cockroaches
  19 goblins
  16 hobgoblins
  9 jackals
  21 kobolds
  A quokka (D:3)
  5 ball pythons
  5 frilled lizards
  3 rats
  A spectral kobold (D:3)
284 creatures vanquished.

Vanquished Creatures (collateral kills)
  A centaur warrior (D:12)
  A cyclops (D:13)
  A yak (D:8)
  A steam dragon (D:10)
  A vampire mosquito (D:11)
  An orc warrior (Bailey)
  A phantom (D:7)
  3 kobold brigands
  A bullfrog (D:7)
  A wight (D:9)
  2 howler monkeys
  2 orc priests (D:9)
  A sleepcap (D:6)
  4 orc wizards
  5 gnolls
  6 orcs
  6 goblins
  2 hobgoblins (Bailey)
  4 kobolds
44 creatures vanquished.

Vanquished Creatures (others)
  4 knights
4 creatures vanquished.

Grand Total: 332 creatures vanquished

Notes
Turn   | Place    | Note
-------+----------+-------------------------------------------
     0 | D:1      | Bnni the Formicid Hexslinger began the quest for the Orb.
     0 | D:1      | Reached XP level 1. HP: 15/15 MP: 2/2
   204 | D:1      | Reached XP level 2. HP: 21/21 MP: 3/3
   207 | D:1      | Learned a level 2 spell: Jinxbite
   359 | D:1      | Found Nipp's Armour Shoppe.
   475 | D:1      | Reached XP level 3. HP: 25/26 MP: 5/5
  1150 | D:2      | Reached XP level 4. HP: 16/33 MP: 3/6
  1552 | D:2      | Found a faded altar of an unknown god.
  1579 | D:2      | Reached skill level 3 in Ranged Weapons
  1583 | D:2      | Learned a level 3 spell: Inner Flame
  2302 | D:3      | Reached XP level 5. HP: 38/38 MP: 7/7
  2485 | D:3      | Reached skill level 5 in Hexes
  2693 | D:3      | Found a hazy altar of Hepliaklqana.
  2708 | D:3      | Became a worshipper of Hepliaklqana the Forgotten
  2713 | D:3      | Learned a level 3 spell: Sigil of Binding
  2756 | D:1      | Bought a +1 robe of fire resistance for 177 gold pieces
  2884 | D:4      | Noticed Eustachio
  2905 | D:4      | Killed Eustachio
  2906 | D:4      | Reached skill level 4 in Ranged Weapons
  2906 | D:4      | Reached skill level 1 in Invocations
  2906 | D:4      | Reached XP level 6. HP: 44/46 MP: 5/9
  2952 | D:4      | Found a white marble altar of Elyvilon.
  2994 | D:4      | Found a staircase to the Ecumenical Temple.
  2997 | D:4      | Reached XP level 7. HP: 51/51 MP: 6/10
  3226 | D:4      | Found a runed translucent door.
  3226 | D:4      | Noticed qipq's ghost (novice OgFE)
  3669 | D:4      | Killed qipq's ghost
  3670 | D:4      | Reached skill level 5 in Ranged Weapons
  3670 | D:4      | Reached XP level 8. HP: 30/60 MP: 6/13
  3797 | D:4      | Learned a level 4 spell: Cause Fear
  3798 | D:5      | Entered Level 5 of the Dungeon
  4308 | D:4      | HP: 1/60 [gnoll/+0 whip[a gnoll sergeant] (3)]
  4782 | D:5      | Found a burning altar of Makhleb.
  4852 | D:5      | Found a sparkling altar of Nemelex Xobeh.
  4934 | D:5      | Reached skill level 6 in Ranged Weapons
  4934 | D:5      | Reached XP level 9. HP: 56/66 MP: 13/15
  5001 | D:5      | Found a blossoming altar of Fedhas.
  5104 | D:5      | Reached * piety under Hepliaklqana
  5718 | D:5      | Upgraded the game from 0.31-a0-870-g10ed682358 to
                  | 0.31-a0-876-gfe8ebadbca
  5723 | D:5      | Learned a level 4 spell: Dimensional Bullseye
  6059 | D:6      | Reached skill level 5 in Fighting
  6410 | D:7      | Reached ** piety under Hepliaklqana
  6411 | D:7      | Remembered your ancestor Tankster McGee as a knight
  6531 | D:7      | Reached skill level 7 in Ranged Weapons
  6598 | D:7      | Reached skill level 5 in Invocations
  6799 | D:7      | Found Ycoiweca's Weapon Shop.
  6814 | D:7      | Bought a +0 longbow for 84 gold pieces
  6956 | D:7      | Reached skill level 5 in Spellcasting
  6956 | D:7      | Reached XP level 10. HP: 66/66 MP: 14/17
  7590 | D:8      | Learned a level 3 spell: Dazzling Flash
  7762 | D:9      | Reached *** piety under Hepliaklqana
  7794 | D:9      | Noticed Pikel
  7811 | D:9      | Killed Pikel
  7812 | D:9      | Reached skill level 8 in Ranged Weapons
  7812 | D:9      | Reached skill level 10 in Hexes
  7899 | D:9      | Found a flagged portal.
  7908 | Bailey   | Entered a bailey
  8255 | Bailey   | Noticed an orc knight
  8268 | Bailey   | Killed an orc knight
  8269 | Bailey   | Reached skill level 1 in Necromancy
  8269 | Bailey   | Reached skill level 1 in Translocations
  8269 | Bailey   | Reached skill level 1 in Earth Magic
  8378 | Bailey   | Noticed an orc warlord
  8384 | Bailey   | Reached XP level 11. HP: 74/74 MP: 9/19
  8385 | Bailey   | Killed an orc warlord
  8541 | Bailey   | Reached skill level 12 in Ranged Weapons
  8541 | Bailey   | Reached XP level 12. HP: 80/80 MP: 21/21
  8959 | D:9      | Found an ornate altar of the Wu Jian Council.
  9027 | D:9      | Found a broken altar of Ashenzari.
  9027 | D:9      | Found a basalt altar of Yredelemnul.
  9101 | D:9      | Found a snail-covered altar of Cheibriados.
  9279 | D:9      | Found a staircase to the Orcish Mines.
  9372 | D:9      | Noticed a two-headed ogre
  9376 | D:9      | Killed a two-headed ogre
  9599 | D:10     | Entered Level 10 of the Dungeon
  9621 | D:10     | Found a bloodstained altar of Trog.
 10033 | D:10     | Reached **** piety under Hepliaklqana
 10196 | D:10     | Found a staircase to the Lair.
 10612 | D:11     | Reached skill level 13 in Ranged Weapons
 10829 | D:11     | Found a portal to a secret trove of treasure.
 11360 | D:12     | Found Sesesh's Distillery.
 11370 | D:12     | Noticed a boulder beetle
 11385 | D:12     | Killed a boulder beetle
 11601 | D:12     | Noticed a centaur warrior
 11982 | D:12     | Killed a centaur warrior
 11983 | D:12     | Reached XP level 13. HP: 85/86 MP: 20/23
 12318 | D:12     | Learned a level 5 spell: Borgnjor's Vile Clutch
 12436 | D:13     | Noticed Maurice
 12444 | D:13     | Killed Maurice
 12666 | D:13     | Found a gate to the Vaults.
 12666 | D:13     | Noticed a vault guard
 12683 | D:13     | Killed a vault guard
 12700 | D:13     | Noticed an entropy weaver
 12712 | D:13     | HP: 1/88 [entropy weaver (14)]
 12712 | D:13     | Mangled by an entropy weaver

Illustrated notes

Levels and vault maps discovered:
D:1:      mrwooster_arrival_statue_3, layout_basic, serial_shops,
          nicolae_shop_hallway_stairs, minmay_misc_feat_square
D:2:      minmay_diamond_boxcup, layout_loops_corners,
          shapermc_ecumenical_altar_totnotflames
D:3:      layout_rooms, nicolae_hepliaklqana_monster_ancestors, minivault_26
D:4:      layout_basic, elyvilon_altar_3, minmay_temple_entry_grid,
          ebering_ghost_sewer_d, uniq_eustachio
D:5:      layout_loops_corners, lemuel_doored_altar,
          mainiacjoe_overflow_catch_the_wave
D:6:      layout_loops_ring
D:7:      layout_basic, serial_shops, nicolae_shop_bloodbath_and_beyond
D:8:      layout_basic, hangedman_minor_gate_pass
D:9:      layout_long_grid, pdpol_wu_jian_five_deadly_venoms,
          amcnicky_altar_gilded, gammafunk_temple_overflow_wave, erik_orc_1,
          enter_bailey_3, uniq_pikel
D:10:     layout_gridville, trog_three_pillars_becter, lair_entry_dummy
D:11:     layout_loops_cross, nicolae_trove_entry_diagonal
D:12:     layout_gridville, serial_shops, nicolae_shop_behind_doors
D:13:     layout_basic, hellmonk_vaults_order_and_chaos, uniq_maurice

Skill      XL: |  1  2  3  4  5  6  7  8  9 10 11 12 13 |
---------------+----------------------------------------+-----
Hexes          | 4 5 6 7 9 10 11 12 | 12.0
Ranged Weapons | 3 4 5 6 7 8 12 13 | 13.4
Fighting       | 2 3 4 5 6 7 |  7.6
Spellcasting   | 2 3 4 5 6 |  6.9
Invocations    | 1 2 3 5 6 7 |  7.7
Necromancy     | 1 3 |  3.9
Translocations | 1 2 3 |  3.0
Earth Magic    | 1 2 4 |  4.6
Dodging        | |  1.7
Fire Magic     | |  1.0

Action                     |  1- 3 |  4- 6 |  7- 9 | 10-12 | 13-15 || total
---------------------------+-------+-------+-------+-------+-------++-------
  Melee: Sling             |       |       |     1 |       |       ||     1
   Fire: Sling             |    83 |   157 |   313 |   147 |       ||   700
         Longbow           |       |       |       |   259 |    45 ||   304
  Throw: Dart              |       |     1 |       |     3 |     1 ||     5
   Cast: Jinxbite          |     1 |     6 |    17 |    17 |     2 ||    43
         Inner Flame       |       |     1 |     3 |    15 |       ||    19
         Cause Fear        |       |       |     4 |     3 |     3 ||    10
         Dimensional Bulls |       |       |       |     2 |       ||     2
         Dazzling Flash    |       |       |       |     1 |       ||     1
 Invoke: Ancestor Identity |       |       |     2 |       |       ||     2
         Ancestor Life: Kn |       |       |     1 |       |       ||     1
         Recall Ancestor   |       |       |       |     1 |     1 ||     2
    Use: Scroll            |       |       |     5 |     6 |       ||    11
         Potion            |       |       |       |     1 |       ||     1
 Armour: Robe              |    14 |    42 |    93 |    79 |    10 ||   238
  Dodge: Dodged            |    24 |    60 |    83 |    56 |     4 ||   227

Table legend: (Time is in decaauts)
 A = Elapsed time spent in this place.
 B = Non-inter-level travel time spent in this place.
 C = Inter-level travel time spent in this place.
 D = Time resting spent in this place.
 E = Time spent auto-exploring this place.
 F = Levels seen in this place.
 G = Mean time per level.
                   A        B        C        D        E       F      G
               +--------+--------+--------+--------+--------+-----+--------+
         Total |  12827 |  12268 |    559 |   1137 |   8836 |  14 |  916.2 |
       Dungeon |  12193 |  11634 |    559 |    812 |   8821 |  13 |  937.9 |
        Bailey |    634 |    634 |      0 |    325 |     15 |   1 |  634.0 |
               +--------+--------+--------+--------+--------+-----+--------+

Top non-repeatable levels by time:
     D:4: 1716 daAuts
     D:5: 1248 daAuts
     D:9: 1209 daAuts
    D:11: 1169 daAuts
     D:2: 1134 daAuts
     D:1: 1058 daAuts
    D:10: 789 daAuts
    D:12: 768 daAuts
     D:7: 705 daAuts
     D:6: 689 daAuts
     D:3: 663 daAuts
     D:8: 647 daAuts
  Bailey: 634 daAuts
    D:13: 393 daAuts
